| TOP OF THE 1ST |
|
Minnesota Twins batting - Pitching for Houston Astros : RHP Ricardo Acosta
|
|
Pitching: RHP Ricardo Acosta
|
|
|
Batting: RHB Miguel Diaz
|
0-0: Foul Ball, location: 2F 0-1: Ball 1-1: Called Strike 1-2: Ball 2-2: Foul Ball, location: 2F 2-2: Fly out, F9 (Flyball, 9LSF, EV 91.2 MPH)
|
|
Batting: LHB Per Meulengracht
|
0-0: Called Strike 0-1: Swinging Strike 0-2: Strikes out swinging
|
|
Batting: LHB Ricardo Batista
|
0-0: Called Strike 0-1: Foul Ball, location: 2F 0-2: Fly out, F9 (Flyball, 89M, EV 96.2 MPH)
|
| Top of the 1st over - 0 runs, 0 hits, 0 errors, 0 left on base; Minnesota 0 - Houston 0 |
| BOTTOM OF THE 1ST |
|
Houston Astros batting - Pitching for Minnesota Twins : RHP Ted Mosley
|
|
Pitching: RHP Ted Mosley
|
|
|
Batting: RHB Jesse Scott
|
0-0: Ground out 6-3 (Groundball, 6, EV 83.8 MPH)
|
|
Batting: LHB Eric Katz
|
0-0: Bunted foul 0-1: Fly out, F7 (Flyball, 78XD, EV 84.4 MPH)
|
|
Batting: LHB Jack Christie
|
0-0: Ball 1-0: Foul Ball, location: 2F 1-1: Fly out, F7 (Line Drive, 78D, EV 93.1 MPH)
|
| Bottom of the 1st over - 0 runs, 0 hits, 0 errors, 0 left on base; Minnesota 0 - Houston 0 |
| TOP OF THE 2ND |
|
Minnesota Twins batting - Pitching for Houston Astros : RHP Ricardo Acosta
|
|
Batting: RHB Miguel Gonzalez
|
0-0: Ball 1-0: Foul Ball, location: 2F 1-1: Foul Ball, location: 2F 1-2: Strikes out swinging
|
|
Batting: RHB Cyril Husson
|
0-0: Called Strike 0-1: Ground out 4-3 (Groundball, 4, EV 82.5 MPH)
|
|
Batting: LHB Ryan Flynn Jr.
|
0-0: Ball 1-0: Ball 2-0: Ball 3-0: Base on Balls
|
|
Batting: LHB Harris Vink
|
0-0: Fielders Choice at 2nd, 5-4 (Groundball, 6, EV 80.6 MPH)
|
| Top of the 2nd over - 0 runs, 0 hits, 0 errors, 1 left on base; Minnesota 0 - Houston 0 |
| BOTTOM OF THE 2ND |
|
Houston Astros batting - Pitching for Minnesota Twins : RHP Ted Mosley
|
|
Batting: SHB Rich Chavez
|
0-0: Ball 1-0: Ball 2-0: Swinging Strike 2-1: Ball 3-1: Called Strike 3-2: Foul Ball, location: 2F 3-2: Strikes out swinging, 2-3 out at first.
|
|
Batting: SHB Joe Gardner
|
0-0: Ball 1-0: Fly out, F4 (Popup, 4, EV 59.4 MPH)
|
|
Batting: RHB Jeremy Trump
|
0-0: Fly out, F7 (Flyball, 7, EV 91.9 MPH)
|
| Bottom of the 2nd over - 0 runs, 0 hits, 0 errors, 0 left on base; Minnesota 0 - Houston 0 |
| TOP OF THE 3RD |
|
Minnesota Twins batting - Pitching for Houston Astros : RHP Ricardo Acosta
|
|
Batting: RHB Alex Sandoval
|
0-0: Ball 1-0: Called Strike 1-1: Ball 2-1: Foul Ball, location: 2F 2-2: Ball 3-2: Ground out 5-3 (Groundball, 5L, EV 102.5 MPH)
|
|
Batting: RHB José Molina
|
0-0: Called Strike 0-1: Swinging Strike 0-2: Ball 1-2: Ball 2-2: Ground out 1-3 (Groundball, 34S, EV 75.0 MPH)
|
|
Batting: RHB Miguel Diaz
|
0-0: Ball 1-0: Ball 2-0: Called Strike 2-1: Ball 3-1: Base on Balls
|
|
Batting: LHB Per Meulengracht
|
0-0: Ground out U3 (Groundball, 34, EV 108.1 MPH)
|
| Top of the 3rd over - 0 runs, 0 hits, 0 errors, 1 left on base; Minnesota 0 - Houston 0 |
| BOTTOM OF THE 3RD |
|
Houston Astros batting - Pitching for Minnesota Twins : RHP Ted Mosley
|
|
Batting: LHB Bryce Hill
|
0-0: Foul Ball, location: 2F 0-1: Swinging Strike 0-2: Ball 1-2: Strikes out swinging
|
|
Batting: RHB Eric Chotkowski
|
0-0: Called Strike 0-1: Ball 1-1: Ground out 5-3 (Groundball, 5D, EV 81.9 MPH)
|
|
Batting: RHB Mark Marks
|
0-0: Ball 1-0: Fly out, F8 (Flyball, 8LM, EV 95.0 MPH)
|
| Bottom of the 3rd over - 0 runs, 0 hits, 0 errors, 0 left on base; Minnesota 0 - Houston 0 |
| TOP OF THE 4TH |
|
Minnesota Twins batting - Pitching for Houston Astros : RHP Ricardo Acosta
|
|
Batting: LHB Ricardo Batista
|
0-0: Ball 1-0: SINGLE (Flyball, 34D, EV 92.5 MPH)
|
|
Batting: RHB Miguel Gonzalez
|
0-0: Ball 1-0: Ball 2-0: Ball 3-0: Base on Balls Ricardo Batista to second
|
|
Batting: RHB Cyril Husson
|
0-0: Called Strike 0-1: Ball 1-1: Grounds into double play, 5-4-3 (Groundball, 56, EV 89.4 MPH) Ricardo Batista to third
|
|
Batting: LHB Ryan Flynn Jr.
|
0-0: Called Strike 0-1: Ball 1-1: Foul Ball, location: 2F 1-2: Ball 2-2: Ground out U3 (Groundball, 34S, EV 78.1 MPH)
|
| Top of the 4th over - 0 runs, 1 hit, 0 errors, 1 left on base; Minnesota 0 - Houston 0 |
| BOTTOM OF THE 4TH |
|
Houston Astros batting - Pitching for Minnesota Twins : RHP Ted Mosley
|
|
Batting: RHB Jesse Scott
|
0-0: Called Strike 0-1: SINGLE (Line Drive, 78M, EV 91.2 MPH)
|
|
Batting: LHB Eric Katz
|
0-0: Foul Ball, location: 2F 0-1: Ball 1-1: Foul Ball, location: 2F 1-2: 2-RUN HOME RUN (Flyball, 8LXD, EV 103.8 MPH), Distance : 431 ft
|
|
Batting: LHB Jack Christie
|
0-0: Foul Ball, location: 2F 0-1: Ball 1-1: Called Strike 1-2: Ball 2-2: Ball 3-2: Ground out 3-1 (Groundball, 34, EV 81.2 MPH)
|
|
Batting: SHB Rich Chavez
|
0-0: Ball 1-0: Called Strike 1-1: Ball 2-1: Ground out 6-3 (Groundball, 6, EV 103.1 MPH)
|
|
Batting: SHB Joe Gardner
|
0-0: Ball 1-0: Called Strike 1-1: Ball 2-1: Fly out, F9 (Line Drive, 9D, EV 93.8 MPH)
|
| Bottom of the 4th over - 2 runs, 2 hits, 0 errors, 0 left on base; Minnesota 0 - Houston 2 |
| TOP OF THE 5TH |
|
Minnesota Twins batting - Pitching for Houston Astros : RHP Ricardo Acosta
|
|
Batting: LHB Harris Vink
|
0-0: Called Strike 0-1: Ball 1-1: Ball 2-1: Ball 3-1: Fly out, F9 (Flyball, 9D, EV 98.1 MPH)
|
|
Batting: RHB Alex Sandoval
|
0-0: Ball 1-0: Swinging Strike 1-1: Swinging Strike 1-2: Foul Ball, location: 2F 1-2: Strikes out swinging
|
|
Batting: RHB José Molina
|
0-0: Ball 1-0: Foul Ball, location: 2F 1-1: SOLO HOME RUN (Flyball, 78XD, EV 105.0 MPH), Distance : 421 ft
|
|
Batting: RHB Miguel Diaz
|
0-0: Ball 1-0: Ball 2-0: Ball 3-0: Called Strike 3-1: Base on Balls
|
|
Batting: LHB Per Meulengracht
|
0-0: Called Strike 0-1: Foul Ball, location: 2F 0-2: Ball 1-2: Ball 2-2: Ball 3-2: DOUBLE (Line Drive, 7LM, EV 92.5 MPH) Miguel Diaz to third Miguel Diaz scores
|
|
Batting: LHB Ricardo Batista
|
0-0: Ball 1-0: 2-RUN HOME RUN (Flyball, 7LD, EV 93.8 MPH), Distance : 347 ft
|
|
Batting: RHB Miguel Gonzalez
|
0-0: Ball 1-0: Foul Ball, location: 2F 1-1: Swinging Strike 1-2: Fly out, F9 (Flyball, 9, EV 88.1 MPH)
|
| Top of the 5th over - 4 runs, 3 hits, 0 errors, 0 left on base; Minnesota 4 - Houston 2 |
| BOTTOM OF THE 5TH |
|
Houston Astros batting - Pitching for Minnesota Twins : RHP Ted Mosley
|
|
Batting: RHB Jeremy Trump
|
0-0: Ball 1-0: Swinging Strike 1-1: Called Strike 1-2: Ground out 4-3 (Groundball, 4, EV 104.4 MPH)
|
|
Batting: LHB Bryce Hill
|
0-0: Ball 1-0: SINGLE (Groundball, 4D, EV 94.4 MPH)
|
|
Batting: RHB Eric Chotkowski
|
0-0: Ball 1-0: Swinging Strike 1-1: Foul Ball, location: 2F 1-2: Ball 2-2: Strikes out swinging
|
|
Batting: RHB Mark Marks
|
0-0: Called Strike 0-1: Ball 1-1: Foul Ball, location: 2F 1-2: Fly out, F7 (Flyball, 7S, EV 93.8 MPH)
|
| Bottom of the 5th over - 0 runs, 1 hit, 0 errors, 1 left on base; Minnesota 4 - Houston 2 |
| TOP OF THE 6TH |
|
Minnesota Twins batting - Pitching for Houston Astros : RHP Ricardo Acosta
|
|
Batting: RHB Cyril Husson
|
0-0: Called Strike 0-1: Ball 1-1: SINGLE (Line Drive, 7S, EV 95.6 MPH)
|
|
Batting: LHB Ryan Flynn Jr.
|
0-0: Foul Ball, location: 2F 0-1: Grounds into double play, 5-4-3 (Groundball, 15, EV 77.5 MPH)
|
|
Batting: LHB Harris Vink
|
0-0: Called Strike 0-1: Ball 1-1: Ball 2-1: Swinging Strike 2-2: Fly out, F9 (Flyball, 89M, EV 81.2 MPH)
|
| Top of the 6th over - 0 runs, 1 hit, 0 errors, 0 left on base; Minnesota 4 - Houston 2 |
| BOTTOM OF THE 6TH |
|
Houston Astros batting - Pitching for Minnesota Twins : RHP Ted Mosley
|
|
Batting: RHB Jesse Scott
|
0-0: Called Strike 0-1: Ground out 6-3 (Groundball, 6, EV 86.9 MPH)
|
|
Batting: LHB Eric Katz
|
0-0: Ball 1-0: Swinging Strike 1-1: Ball 2-1: Foul Ball, location: 2F 2-2: Strikes out swinging
|
|
Batting: LHB Jack Christie
|
0-0: Called Strike 0-1: Swinging Strike 0-2: Strikes out swinging
|
| Bottom of the 6th over - 0 runs, 0 hits, 0 errors, 0 left on base; Minnesota 4 - Houston 2 |
| TOP OF THE 7TH |
|
Minnesota Twins batting - Pitching for Houston Astros : RHP Ricardo Acosta
|
|
Batting: RHB Alex Sandoval
|
0-0: Ball 1-0: Fly out, F9 (Flyball, 9D, EV 98.1 MPH)
|
|
Batting: RHB José Molina
|
0-0: Ball 1-0: Foul Ball, location: 2F 1-1: Ball 2-1: Ball 3-1: Base on Balls
|
|
Pitching: RHP John Mathis
|
|
|
Batting: RHB Miguel Diaz
|
0-0: Called Strike 0-1: Swinging Strike 0-2: Ball 1-2: Ball Wild Pitch! José Molina to second 2-2: Strikes out swinging
|
|
Batting: LHB Per Meulengracht
|
0-0: Swinging Strike 0-1: Ball 1-1: Called Strike 1-2: Strikes out swinging
|
| Top of the 7th over - 0 runs, 0 hits, 0 errors, 1 left on base; Minnesota 4 - Houston 2 |
| BOTTOM OF THE 7TH |
|
Houston Astros batting - Pitching for Minnesota Twins : RHP Ted Mosley
|
|
Batting: SHB Rich Chavez
|
0-0: DOUBLE (Line Drive, 89D, EV 102.5 MPH)
|
|
Batting: SHB Joe Gardner
|
0-0: Foul Ball, location: 2F 0-1: Ball 1-1: Ball 2-1: Called Strike 2-2: Foul Ball, location: 2F 2-2: Ball 3-2: SINGLE (Flyball, 8RS, EV 94.4 MPH) Rich Chavez to third
|
|
Pinch Hitting: SHB Jason Woods
|
0-0: Called Strike 0-1: Foul Ball, location: 2F 0-2: Ball 1-2: Foul Ball, location: 2F 1-2: Ball 2-2: Grounds into double play, 4-6-3 (Groundball, 34S, EV 88.1 MPH) Rich Chavez scores
|
|
Batting: LHB Bryce Hill
|
0-0: Ball 1-0: SINGLE (Line Drive, 78S, EV 91.9 MPH)
|
|
Batting: RHB Eric Chotkowski
|
0-0: Called Strike 0-1: Called Strike 0-2: Ball 1-2: Ball 2-2: Foul Ball, location: 2F 2-2: Foul Ball, location: 2F 2-2: Ball 3-2: Foul Ball, location: 2F 3-2: Foul Ball, location: 2F 3-2: DOUBLE (Line Drive, 78D, EV 108.8 MPH) Bryce Hill to third Bryce Hill scores
|
|
Pitching: RHP Gerbrand van de Bilt
|
|
|
Batting: RHB Mark Marks
|
0-0: Ball 1-0: Ball 2-0: Swinging Strike 2-1: Ball 3-1: Base on Balls
|
|
Batting: RHB Jesse Scott
|
0-0: Ball 1-0: Ball 2-0: Called Strike 2-1: Called Strike 2-2: Ball 3-2: Foul Ball, location: 2F 3-2: Foul Ball, location: 2F 3-2: Strikes out swinging
|
| Bottom of the 7th over - 2 runs, 4 hits, 0 errors, 2 left on base; Minnesota 4 - Houston 4 |
| TOP OF THE 8TH |
|
Minnesota Twins batting - Pitching for Houston Astros : RHP John Mathis
|
|
Now at 1B: Chris Lane
|
|
|
Now at 2B: Rich Chavez
|
|
|
Batting: LHB Ricardo Batista
|
0-0: Ground out U3 (Groundball, 34, EV 78.8 MPH)
|
|
Batting: RHB Miguel Gonzalez
|
0-0: Fly out, F6 (Popup, P, EV 89.4 MPH)
|
|
Batting: RHB Cyril Husson
|
0-0: Ball 1-0: Called Strike 1-1: Foul Ball, location: 2F 1-2: Ball 2-2: SINGLE (Groundball, 6MD, EV 100.0 MPH)
|
|
Batting: LHB Ryan Flynn Jr.
|
0-0: Ball 1-0: Ball 2-0: Ground out U3 (Groundball, 3, EV 84.4 MPH)
|
| Top of the 8th over - 0 runs, 1 hit, 0 errors, 1 left on base; Minnesota 4 - Houston 4 |
| BOTTOM OF THE 8TH |
|
Houston Astros batting - Pitching for Minnesota Twins : RHP Gerbrand van de Bilt
|
|
Batting: LHB Eric Katz
|
0-0: Fly out, F8 (Flyball, 8RXD, EV 108.8 MPH)
|
|
Batting: LHB Jack Christie
|
0-0: Ball 1-0: Ball 2-0: Ball 3-0: Called Strike 3-1: Base on Balls
|
|
Batting: SHB Rich Chavez
|
0-0: Foul Ball, location: 2F 0-1: Ball 1-1: Fly out, F8 (Line Drive, 8LM, EV 101.2 MPH)
|
|
Batting: SHB Joe Gardner
|
0-0: Ball 1-0: Ball 2-0: Ball 3-0: Base on Balls Jack Christie to second
|
|
Batting: RHB Chris Lane
|
0-0: Foul Ball, location: 2F 0-1: Ball 1-1: Called Strike 1-2: Strikes out swinging
|
| Bottom of the 8th over - 0 runs, 0 hits, 0 errors, 2 left on base; Minnesota 4 - Houston 4 |
| TOP OF THE 9TH |
|
Minnesota Twins batting - Pitching for Houston Astros : RHP John Mathis
|
|
Pitching: RHP Aaron Shapiro
|
|
|
Batting: LHB Harris Vink
|
0-0: Swinging Strike 0-1: Hit by Pitch
|
|
Pinch Hitting: RHB Greg Harman
|
0-0: Bunt missed! 0-1: Sac Bunt to 13S - play at second, runner OUT! 1-6
|
|
Batting: RHB José Molina
|
0-0: Called Strike 0-1: Called Strike 0-2: Strikes out swinging
|
|
Batting: RHB Miguel Diaz
|
0-0: Ball 1-0: Called Strike 1-1: Ball Pickoff Throw by Catcher to First - Out!
|
| Top of the 9th over - 0 runs, 0 hits, 0 errors, 0 left on base; Minnesota 4 - Houston 4 |
| BOTTOM OF THE 9TH |
|
Houston Astros batting - Pitching for Minnesota Twins : RHP Gerbrand van de Bilt
|
|
Pitching: RHP Bryce Schimmoeller
|
|
|
Now at SS: Matt Dunn
|
|
|
Batting: LHB Bryce Hill
|
0-0: Ground out 6-3 (Groundball, 6, EV 92.5 MPH)
|
|
Batting: RHB Eric Chotkowski
|
0-0: Ball 1-0: Foul Ball, location: 2F 1-1: Fly out, F3 (Flyball, 3D, EV 83.8 MPH)
|
|
Batting: RHB Mark Marks
|
0-0: Called Strike 0-1: Ball 1-1: Ball 2-1: Swinging Strike 2-2: Foul Ball, location: 2F 2-2: Strikes out swinging
|
| Bottom of the 9th over - 0 runs, 0 hits, 0 errors, 0 left on base; Minnesota 4 - Houston 4 |
| TOP OF THE 10TH |
|
Minnesota Twins batting - Pitching for Houston Astros : RHP Aaron Shapiro
|
|
Batting: RHB Miguel Diaz
|
0-0: Swinging Strike 0-1: Ball 1-1: Ball 2-1: Fly out, F8 (Flyball, 8LD, EV 91.9 MPH)
|
|
Batting: LHB Per Meulengracht
|
0-0: Ball 1-0: Called Strike 1-1: Foul Ball, location: 2F 1-2: Strikes out swinging, 2-3 out at first.
|
|
Batting: LHB Ricardo Batista
|
0-0: Ball 1-0: Ball 2-0: Foul Ball, location: 2F 2-1: Ball 3-1: Foul Ball, location: 2F 3-2: Foul Ball, location: 2F 3-2: SINGLE (Flyball, 5D, EV 95.0 MPH)
|
|
Batting: RHB Miguel Gonzalez
|
0-0: Called Strike 0-1: Swinging Strike 0-2: Strikes out looking
|
| Top of the 10th over - 0 runs, 1 hit, 0 errors, 1 left on base; Minnesota 4 - Houston 4 |
| BOTTOM OF THE 10TH |
|
Houston Astros batting - Pitching for Minnesota Twins : RHP Bryce Schimmoeller
|
|
Batting: RHB Jesse Scott
|
0-0: Foul Ball, location: 2F 0-1: Swinging Strike 0-2: Ball 1-2: Foul Ball, location: 2F 1-2: Strikes out swinging
|
|
Batting: LHB Eric Katz
|
0-0: Swinging Strike 0-1: Foul Ball, location: 2F 0-2: Ground out 4-3 (Groundball, 4, EV 84.4 MPH)
|
|
Batting: LHB Jack Christie
|
0-0: Ball 1-0: Swinging Strike 1-1: Called Strike 1-2: Ball 2-2: Foul Ball, location: 2F 2-2: Strikes out swinging
|
| Bottom of the 10th over - 0 runs, 0 hits, 0 errors, 0 left on base; Minnesota 4 - Houston 4 |
| TOP OF THE 11TH |
|
Minnesota Twins batting - Pitching for Houston Astros : RHP Aaron Shapiro
|
|
Batting: RHB Cyril Husson
|
0-0: Ball 1-0: Ball 2-0: Ball 3-0: Called Strike 3-1: SINGLE (Flyball, 78S, EV 91.2 MPH)
|
|
Batting: LHB Ryan Flynn Jr.
|
0-0: Sac Bunt to 13 - play at first, batter OUT! 1-3 Cyril Husson to second
|
|
Batting: LHB Harris Vink
|
0-0: Intentional Walk
|
|
Batting: RHB Matt Dunn
|
0-0: Ball Cyril Husson steals 3rd base 1-0: Swinging Strike 1-1: Ball 2-1: Swinging Strike 2-2: Foul Ball, location: 2F 2-2: Strikes out swinging
|
|
Batting: RHB José Molina
|
0-0: Called Strike Harris Vink steals 2nd base (no throw) 0-1: Foul Ball, location: 2F 0-2: Strikes out swinging
|
| Top of the 11th over - 0 runs, 1 hit, 0 errors, 2 left on base; Minnesota 4 - Houston 4 |
| BOTTOM OF THE 11TH |
|
Houston Astros batting - Pitching for Minnesota Twins : RHP Bryce Schimmoeller
|
|
Batting: SHB Rich Chavez
|
0-0: Called Strike 0-1: Ball 1-1: Ball 2-1: Foul Ball, location: 2F 2-2: SINGLE (Line Drive, 8LS, EV 93.1 MPH)
|
|
Batting: SHB Joe Gardner
|
0-0: Ball 1-0: Called Strike 1-1: SINGLE (Flyball, 8RS, EV 97.5 MPH) Rich Chavez to second
|
|
Batting: RHB Chris Lane
|
0-0: Ball 1-0: Called Strike 1-1: Ground out 5-3 (Groundball, 6S, EV 92.5 MPH) Rich Chavez to third Joe Gardner to second
|
|
Batting: LHB Bryce Hill
|
0-0: Intentional Walk
|
|
Batting: RHB Eric Chotkowski
|
0-0: Called Strike 0-1: Ball 1-1: Ball 2-1: Foul Ball, location: 2F 2-2: Strikes out swinging
|
|
Pitching: LHP Inkei Wakamatsu
|
|
|
Batting: RHB Mark Marks
|
0-0: Called Strike 0-1: Ball 1-1: Ball 2-1: Foul Ball, location: 2F 2-2: Ball 3-2: Strikes out swinging
|
| Bottom of the 11th over - 0 runs, 2 hits, 0 errors, 3 left on base; Minnesota 4 - Houston 4 |
| TOP OF THE 12TH |
|
Minnesota Twins batting - Pitching for Houston Astros : RHP Aaron Shapiro
|
|
Pitching: RHP Bill Dillard
|
|
|
Batting: RHB Miguel Diaz
|
0-0: Ball 1-0: SINGLE (Line Drive, 8LS, EV 107.5 MPH)
|
|
Batting: LHB Per Meulengracht
|
0-0: Sac Bunt to 2R - play at first, batter OUT! 2-4 Miguel Diaz to second
|
|
Batting: LHB Ricardo Batista
|
0-0: Ball 1-0: Called Strike 1-1: Ball 2-1: Foul Ball, location: 2F 2-2: Foul Ball, location: 2F 2-2: Ball 3-2: TRIPLE (Flyball, 89XD, EV 102.5 MPH) Miguel Diaz scores
|
|
Batting: RHB Miguel Gonzalez
|
0-0: Intentional Walk
|
|
Batting: RHB Cyril Husson
|
0-0: Called Strike 0-1: Ball Miguel Gonzalez steals 2nd base 1-1: Fly out, F4 (Popup, 34D, EV 73.1 MPH)
|
|
Batting: LHB Ryan Flynn Jr.
|
0-0: Ball 1-0: Ball 2-0: Fly out, F6 (Popup, 6MD, EV 52.5 MPH)
|
| Top of the 12th over - 1 run, 2 hits, 0 errors, 2 left on base; Minnesota 5 - Houston 4 |
| BOTTOM OF THE 12TH |
|
Houston Astros batting - Pitching for Minnesota Twins : LHP Inkei Wakamatsu
|
|
Now in LF: Per Meulengracht
|
|
|
Now in RF: Bran Stark
|
|
|
Batting: RHB Jesse Scott
|
0-0: Foul Ball, location: 2F 0-1: Foul Ball, location: 2F 0-2: Ball 1-2: Strikes out swinging
|
|
Batting: LHB Eric Katz
|
0-0: Swinging Strike 0-1: SINGLE (Line Drive, 56D, EV 99.4 MPH)
|
|
Batting: RHB Danny Merrill
|
0-0: Foul Ball, location: 2F 0-1: Foul Ball, location: 2F 0-2: Ball 1-2: Strikes out looking
|
|
Batting: SHB Rich Chavez
|
0-0: Called Strike 0-1: Swinging Strike 0-2: Ball 1-2: Ball 2-2: Strikes out swinging
|
| Bottom of the 12th over - 0 runs, 1 hit, 0 errors, 1 left on base; Minnesota 5 - Houston 4 |
|